 Dungeon Crawl Stone Soup version 0.21-a0-143-g1ab7d47 (webtiles) character file.

26034 4thArraOfDagon the Fighter (level 12, -2/123 HPs)
             Began as a Demigod Wizard on July 25, 2017.
             Slain by a rakshasa
             ... wielding a +0 long sword
              (21 damage)
             ... on level 13 of the Dungeon.
             The game lasted 00:48:37 (9993 turns).

4thArraOfDagon the Fighter (Demigod Wizard)         Turns: 9993, Time: 00:48:37

Health: -2/123     AC:  6    Str: 10    XL:     12   Next: 58%
Magic:  21/21      EV: 17    Int: 36    God:
Gold:   553        SH:  0    Dex: 14    Spells: 8/17 levels left

rFire    . . .     SeeInvis .   H - +7 quarterstaff "Grum" {venom, rC+ Stlth+}
rCold    + . .     Gourm    +   (shield currently unavailable)
rNeg     . . .     Faith    .   Z - +0 troll leather armour
rPois    +         Spirit   .   w - +2 helmet {Int+3}
rElec    .         Reflect  .   b - scarf {cloud immunity}
rCorr    .         Harm     .   (no gloves)
MR       +....                  (no boots)
Stlth    ++........             n - amulet of the gourmand
HPRegen  0.70/turn              p - +3 ring of intelligence
MPRegen  0.17/turn              t - ring of poison resistance

@: heavily drained
A: deformed body, high mp 1, robust 1, wild magic 1, evolution 1, no potion heal
1
a: no special abilities


You were on level 13 of the Dungeon.
You were not hungry.

You visited 1 branch of the dungeon, and saw 14 of its levels.

You collected 793 gold pieces.
You spent 240 gold pieces at shops.

Inventory:

Hand Weapons
 q - a +0 dagger of venom
 r - a +6 scythe of flaming
 G - the +4 scimitar of Causality {flame, rC+}
   (You found it on level 9 of the Dungeon)

   It has been specially enchanted to burn those struck by it, causing extra
   injury to most foes and up to half again as much damage against particularly
   susceptible opponents.
   Big, fiery blades are also staple armaments of hydra-hunters.
   It protects you from cold.
 H - the +7 quarterstaff "Grum" (weapon) {venom, rC+ Stlth+}
   (You found it on level 11 of the Dungeon)

   It poisons the flesh of those it strikes.
   It protects you from cold.
   It makes you more stealthy.
 J - the +8 short sword "Ymmela" {drain, rC+ MR++ Dex+2}
   (You found it on level 8 of the Dungeon)

   A truly terrible weapon, it drains the life of those it strikes.
   It affects your dexterity (+2).
   It protects you from cold.
   It affects your resistance to hostile enchantments.
 U - the +8 whip "Doivuxku" {freeze, +Blink MR- Str+6 Stlth+}
   (You took it off a centaur on level 8 of the Dungeon)

   It has been specially enchanted to freeze those struck by it, causing extra
   injury to most foes and up to half again as much damage against particularly
   susceptible opponents.
   It can also slow down cold-blooded creatures.
   It affects your strength (+6).
   It affects your resistance to hostile enchantments.
   It lets you blink.
   It makes you more stealthy.
Armour
 b - a scarf of cloud immunity (worn)
 v - a +1 robe of resistance
 w - a +2 helmet of intelligence (worn)
 B - a +1 cloak
 T - a +2 robe of positive energy
 Z - a +0 troll leather armour (worn)
Jewellery
 a - a -3 ring of protection
 n - an amulet of the gourmand (around neck)
 p - a +3 ring of intelligence (left hand)
 t - a ring of poison resistance (right hand)
 R - an uncursed ring of fire
 Y - an uncursed ring of see invisible
Wands
 e - a wand of digging (9/24)
 y - a wand of digging (17/24)
 z - a wand of lightning (9/15)
 F - a wand of lightning (10/15)
 L - a wand of lightning (8/15)
 M - a wand of confusion (24/48)
 N - a wand of flame (20/48)
 Q - a wand of acid (2/15)
 S - a wand of flame (29/48)
 W - a wand of iceblast (4/15)
 X - a wand of disintegration (12/24)
Scrolls
 f - 5 scrolls of remove curse
 x - 2 scrolls of teleportation
 D - 3 scrolls of amnesia {unknown}
 I - 2 scrolls of magic mapping
Potions
 c - a potion of mutation {unknown}
 h - a potion of invisibility {unknown}
 j - 2 potions of agility
 K - 3 potions of curing {unknown}
 O - a potion of magic {unknown}
 P - 2 potions of lignification {unknown}
 V - a potion of cancellation {unknown}
Books
 l - a book of Changes

   Spells                             Type                      Level
   a - Beastly Appendage              Transmutation                1
   b - Sticks to Snakes               Transmutation                2
   c - Spider Form                    Transmutation/Poison         3
   d - Ice Form                       Ice/Transmutation            4
   e - Blade Hands                    Transmutation                5
Comestibles
 d - 4 bread rations
 i - 3 meat rations


   Skills:
 - Level 12.1(10.4) Fighting
 - Level 0.5(0.0) Polearms
 + Level 6.1(4.6) Armour
 - Level 11.3(9.6) Dodging
 - Level 1.7(0.4) Stealth
 - Level 3.0(1.6) Spellcasting
 - Level 5.3(3.8) Conjurations
   Level 0.8(0.0) Summonings
 - Level 0.8(0.0) Translocations
 - Level 8.1(6.5) Evocations


You had 8 spell levels left.
You knew the following spells:

 Your Spells              Type           Power        Failure   Level  Hunger
a - Magic Dart            Conj           ####         3%          1    None
b - Mephitic Cloud        Conj/Pois/Air  ###.....     19%         3    ###....
c - Conjure Flame         Conj/Fire      ###.....     14%         3    ###....
d - Blink                 Tloc           N/A          16%         2    ##.....


Dungeon Overview and Level Annotations

Branches:
Dungeon (14/15)            Temple (0/1) D:7            Lair (0/6) D:11
    Orc (0/2) D:10
 Vaults: D:13-14

Shops:
D:4 [   D:6 ?

Annotations:
D:3 B1inky's ghost, amateur OpAM
D:8 Joseph; Slowdrip's ghost, novice FoAK
D:10 Josephine


Innate Abilities, Weirdness & Mutations

You have an increased reservoir of magic. (+10% MP)
Armour fits poorly on your strangely shaped body.
You are robust. (+10% HP)
Your spells are a little harder to cast, but a little more powerful.
You evolve.
Potions are less effective at restoring your health.


Message History

Unknown command.
The rakshasa is engulfed in blazing flames.
The rakshasa hits you with a long sword!
* * * LOW HITPOINT WARNING * * *
Unknown command.
Wield which item (- for none, * to show all)? (? for menu, Esc to quit)
Your +6 scythe of flaming stops flaming.
The +7 quarterstaff "Grum" {venom, rC+ Stlth+} begins to drip with poison!
H - the +7 quarterstaff "Grum" (weapon)
{venom, rC+ Stlth+} The rakshasa is engulfed in blazing flames.
The rakshasa gestures at you. The orb of energy hits you!
* * * LOW HITPOINT WARNING * * *
The orb of energy explodes!
Unknown command.
Your system partially rejects the healing.
You feel much better.
The rakshasa is engulfed in blazing flames.
The rakshasa hits you with a long sword!!
You die...

......# #.# ####... ......#
#.##### ....... ......# #.....#
..... ......# #######.....# ...
......#####...........###.#######
..........................#......
###.##################....#).....
....# ......R.....#....#......
....# ......#@....#....#......
....## ####. #..#.(#.<..#......
.....# # #..#..#....#......
.....# #..#..#....####+## .....##
#..#†.#........... #.....#
#..#..#.#####..... #.....##
#..#..#. #..... #......###
#..#..#. #..... ##.......####
#..#..#. #.....


You could see a rakshasa.

Vanquished Creatures
  A centaur warrior (D:13)
  Erica (D:8)
  3 two-headed ogres
  An ogre mage (D:13)
  A tengu warrior (D:13)
  Urug (D:11)
  An unseen horror (D:10)
  3 ugly things
  A cyclops (D:12)
  A manticore (D:13)
  Maurice (D:8)
  Psyche (D:11)
  3 centaur skeletons
  A freezing wraith (D:13)
  3 komodo dragons
  4 trolls
  3 hippogriffs
  A slime creature (D:13)
  Sigmund (D:5)
  2 wraiths
  2 wyverns (D:10)
  2 shadows
  3 hungry ghosts
  23 yaks
  A basilisk (D:12)
  A hog (D:7)
  Grum (D:8)
  4 vampire mosquitoes
  Menkaure (D:6)
  An acid dragon (D:13)
  A water moccasin (D:13)
  A black bear (D:12)
  5 orc warriors
  4 ice beasts
  5 sky beasts
  3 wolves
  3 necrophages (D:6)
  2 phantoms
  6 centaurs
  5 ogres
  3 crocodiles
  3 big kobolds
  6 bullfrogs
  A wyvern zombie (D:9)
  4 scorpions
  22 killer bees
  11 wights
  4 howler monkeys
  8 crimson imps
  3 bullfrog zombies
  7 centaur zombies
  4 jellies
  6 orc priests
  10 hounds
  A bullfrog skeleton (D:9)
  8 orc wizards
  2 iguanas
  11 worker ants
  A hound zombie (D:7)
  3 hound skeletons
  2 worker ant zombies
  4 gnolls (D:11)
  10 adders
  A shadow imp (D:10)
  2 adder zombies
  An ooze (D:4)
  An adder skeleton (D:7)
  A worm (D:6)
  2 dart slugs (D:2)
  6 leopard geckos
  35 orcs
  4 giant cockroaches
  6 goblins
  5 hobgoblins
  20 jackals
  2 quokkas
  2 ball pythons
  6 bats
  3 frilled lizards
  13 kobolds
  A leopard gecko skeleton (D:5)
  A leopard gecko zombie (D:6)
  4 rats
  A bush (D:6)
359 creatures vanquished.

Vanquished Creatures (collateral kills)
  2 killer bees
  An iguana (D:10)
3 creatures vanquished.

Vanquished Creatures (others)
  A sky beast (D:9)
  An orc (D:11)
  3 plants (D:6)
  4 toadstools (D:1)
9 creatures vanquished.

Grand Total: 371 creatures vanquished

Notes
Turn   | Place    | Note
-------+----------+-------------------------------------------
     0 | D:1      | 4thArraOfDagon the Demigod Wizard began the quest for the Orb.
     0 | D:1      | Reached XP level 1. HP: 14/14 MP: 6/6
     8 | D:1      | Reached skill level 1 in Conjurations
   192 | D:2      | Found a faded altar of an unknown god.
   210 | D:2      | Found an opulent altar of Gozag.
   295 | D:3      | Reached XP level 2. HP: 17/20 MP: 4/8
   489 | D:3      | Noticed B1inky's ghost (amateur OpAM)
   578 | D:2      | Reached XP level 3. HP: 22/26 MP: 8/10
   583 | D:2      | Learned a level 3 spell: Mephitic Cloud
   587 | D:2      | Learned a level 3 spell: Conjure Flame
  1451 | D:2      | Found a burning altar of Makhleb.
  1458 | D:2      | Reached XP level 4. HP: 30/33 MP: 7/11
  1749 | D:4      | Reached XP level 5. HP: 22/38 MP: 7/12
  1838 | D:4      | Reached skill level 5 in Conjurations
  1865 | D:4      | Learned a level 2 spell: Blink
  1949 | D:4      | Found Wosankyt's Armour Emporium.
  2025 | D:4      | Reached skill level 1 in Fighting
  2025 | D:4      | Reached XP level 6. HP: 29/47 MP: 10/13
  2046 | D:4      | Found an iron altar of Okawaru.
  2121 | D:4      | Bought a +1 helmet of intelligence for 165 gold pieces
  2189 | D:5      | Entered Level 5 of the Dungeon
  2241 | D:5      | Found a white marble altar of Elyvilon.
  2456 | D:5      | Noticed Sigmund
  2469 | D:5      | Killed Sigmund
  2469 | D:5      | Reached skill level 2 in Fighting
  2494 | D:5      | Reached XP level 7. HP: 30/56 MP: 14/14
  2552 | D:5      | Reached skill level 3 in Fighting
  2590 | D:5      | Found a hide-covered altar of Uskayaw.
  2730 | D:7      | Found a staircase to the Ecumenical Temple.
  2892 | D:7      | Noticed a hungry ghost
  2897 | D:7      | Killed a hungry ghost
  2897 | D:7      | Reached skill level 4 in Fighting
  3012 | D:7      | Reached skill level 5 in Dodging
  3129 | D:7      | Reached XP level 8. HP: 66/67 MP: 7/15
  3277 | D:8      | Noticed Maurice
  3279 | D:8      | Reached skill level 5 in Fighting
  3281 | D:8      | Noticed Slowdrip's ghost (novice FoAK)
  3405 | D:9      | Noticed a two-headed ogre
  3410 | D:9      | Killed a two-headed ogre
  3410 | D:9      | Reached skill level 6 in Fighting
  3459 | D:9      | Reached XP level 9. HP: 63/78 MP: 13/16
  3477 | D:9      | Reached skill level 7 in Fighting
  3534 | D:9      | Got a pitted scimitar
  3539 | D:9      | Identified the +4 scimitar of Causality {flame, rC+} (You found it on level 9 of the Dungeon)
  3617 | D:10     | Entered Level 10 of the Dungeon
  3626 | D:9      | Noticed a two-headed ogre
  3642 | D:9      | Killed a two-headed ogre
  3658 | D:9      | Reached skill level 8 in Fighting
  3977 | D:9      | Reached XP level 10. HP: 78/90 MP: 17/17
  3985 | D:9      | Gained mutation: Potions are less effective at restoring your health. [mutagenic meat]
  3986 | D:9      | Gained mutation: You evolve. [mutagenic meat]
  3987 | D:9      | Gained mutation: Scrolls take you a little longer to read. [mutagenic meat]
  3988 | D:9      | Gained mutation: Armour fits poorly on your strangely shaped body. [mutagenic meat]
  4141 | D:9      | Reached skill level 9 in Fighting
  4386 | D:8      | Noticed Joseph
  4417 | D:8      | Got a translucent short sword
  4429 | D:8      | Noticed Grum
  4684 | D:10     | Reached skill level 10 in Dodging
  4692 | D:10     | Reached skill level 10 in Fighting
  4697 | D:10     | Gained mutation: You are agile. (Dex +2) [mutagenic meat]
  4699 | D:10     | Gained mutation: You are robust. (+10% HP) [mutagenic meat]
  4700 | D:10     | Lost mutation: Scrolls take you a little longer to read. [mutagenic meat]
  4701 | D:10     | Lost mutation: You are agile. (Dex +2) [mutagenic meat]
  4721 | D:10     | Noticed a two-headed ogre
  4732 | D:10     | Killed an unseen horror
  4737 | D:10     | Killed a two-headed ogre
  4941 | D:11     | Noticed a white ugly thing
  5277 | D:10     | Identified the +8 short sword "Ymmela" {drain, rC+ MR++ Dex+2} (You found it on level 8 of the Dungeon)
  5423 | D:8      | Found a glowing silver altar of Zin.
  5481 | D:8      | Killed Maurice
  5523 | D:8      | Reached XP level 11. HP: 99/111 MP: 10/19
  5527 | D:8      | Killed Grum
  5597 | D:8      | Noticed Erica
  5605 | D:8      | Killed Erica
  5659 | D:8      | Got an uncursed ancient whip {freeze}
  5660 | D:8      | Identified the +8 whip "Doivuxku" {freeze, +Blink MR- Str+6 Stlth+} (You took it off a centaur on level 8 of the Dungeon)
  6209 | D:6      | Noticed Menkaure
  6217 | D:6      | Killed Menkaure
  6217 | D:6      | Gained mutation: Your spells are a little harder to cast, but a little more powerful. [evolution]
  6253 | D:6      | Reached skill level 11 in Fighting
  6520 | D:6      | Found Xale's Magic Scroll Boutique.
  6523 | D:6      | Bought a scroll of magic mapping for 35 gold pieces
  6523 | D:6      | Bought a scroll of random uselessness for 10 gold pieces
  6523 | D:6      | Bought a scroll of teleportation for 30 gold pieces
  6718 | D:6      | Found a blossoming altar of Fedhas.
  7172 | D:10     | Found a staircase to the Orcish Mines.
  7657 | D:10     | Reached skill level 12 in Fighting
  7672 | D:10     | Found a hazy altar of Hepliaklqana.
  7745 | D:10     | Noticed Josephine
  7826 | D:11     | Reached skill level 1 in Evocations
  7909 | D:11     | Got a shimmering quarterstaff
  7932 | D:11     | Identified the +7 quarterstaff "Grum" {venom, rC+ Stlth+} (You found it on level 11 of the Dungeon)
  8260 | D:11     | Reached skill level 5 in Evocations
  8302 | D:11     | Noticed a fire giant
  8358 | D:11     | Found a staircase to the Lair.
  8366 | D:11     | Noticed Urug
  8378 | D:11     | Killed Urug
  8493 | D:11     | Noticed Psyche
  8524 | D:11     | Killed Psyche
  8671 | D:12     | Reached XP level 12. HP: 123/123 MP: 17/20
  8728 | D:12     | Found a bloodstained altar of Trog.
  9139 | D:14     | Noticed a centaur warrior
  9383 | D:13     | Reached skill level 1 in Armour
  9618 | D:13     | Noticed a centaur warrior
  9810 | D:13     | Killed a centaur warrior
  9810 | D:13     | Reached skill level 5 in Armour
  9984 | D:13     | Noticed a rakshasa
  9992 | D:13     | HP: 4/123 [rakshasa/orb of energy (31)]
  9993 | D:13     | Slain by a rakshasa

Vault maps used:
D:1:      ldierk_water_garden
D:2:      lemuel_round_altar, makhleb_blood_cavern_becter,
          overflow_temple_1_default, chequers_ecumenical_altar_simple,
          nrook_loot_triangle, grunt_decor_fettered
D:4:      serial_shops, kennysheep_little_box, first_bread,
          okawaru_ov_weapons_minmay, uniq_eustachio
D:5:      old_standard_altar, marbit_many_paths, kiku_gazebo_garden_becter,
          serial_co_window_serial, co_window_corner_a, co_window_paths_a,
          co_window_corner_a, co_window_corner_a, co_window_paths_b,
          co_window_broadway_b, co_window_2corner, co_window_of_opportunity_c,
          co_window_broadway_b, co_window_paths_c, co_window_cross_2,
          glass_columns_a, glass_columns_a, glass_columns_a, glass_columns_b,
          glass_columns_a, uniq_sigmund
D:6:      fedhas_altar_decomposition, serial_shops, kennysheep_mini,
          uniq_menkaure
D:7:      minmay_temple_entry_glassed_door
D:8:      cheibrodos_quashed, kennysheep_mini_moat, grunt_livestock,
          uniq_joseph, uniq_maurice, uniq_erica, uniq_grum
D:9:      moated_statue
D:10:     kennysheep_six_static_rooms, orc_0_dummy, basic_altar, uniq_josephine
D:11:     lair_entry_dummy, minmay_three_doors, uniq_psyche, uniq_urug
D:12:     bloody_trog
D:13:     minmay_quarter_circles, grunt_vaults_entry_tiered
D:14:     xom_teletrap_fun

Skill      XL: |  1  2  3  4  5  6  7  8  9 10 11 12 |
---------------+-------------------------------------+-----
Conjurations   | 1 2 3 4 5 |  5.3
Spellcasting   | 3 |  3.0
Dodging        | 2 3 5 7 9 10 11 | 11.3
Fighting       | 1 2 4 6 8 10 12 | 12.1
Evocations     | 6 8 |  8.1
Armour         | 6 |  6.1
Polearms       | |  0.5
Stealth        | |  1.7
Summonings     | |  0.8
Translocations | |  0.8

Action                   |  1- 3 |  4- 6 |  7- 9 | 10-12 || total
-------------------------+-------+-------+-------+-------++-------
Melee: Club              |     4 |       |       |       ||     4
       Flail             |    23 |       |       |       ||    23
       Dagger            |    67 |   122 |    66 |       ||   255
       Scythe            |       |       |   117 |   539 ||   656
       Scimitar          |       |       |    10 |       ||    10
       Quarterstaff      |       |       |       |   207 ||   207
 Cast: Magic Dart        |    41 |     1 |       |       ||    42
       Mephitic Cloud    |     1 |     7 |    18 |    70 ||    96
       Conjure Flame     |       |       |    12 |    31 ||    43
Evoke: Wand              |       |       |       |     6 ||     6
  Use: Scroll            |       |     5 |       |    11 ||    16
       Potion            |       |     5 |       |     2 ||     7
 Stab: Sleeping          |     2 |       |       |     5 ||     7
       Confused          |     1 |     3 |     9 |    31 ||    44
       Distracted        |     1 |       |       |     1 ||     2
  Eat: Chunk             |     3 |     8 |     4 |    26 ||    41
       Fruit             |       |       |       |     4 ||     4
       Royal jelly       |       |       |       |     4 ||     4
       Meat ration       |       |       |       |     1 ||     1
Armor: Robe              |    37 |    34 |    48 |    35 ||   154
       Troll leather arm |       |       |       |   116 ||   116
Dodge: Dodged            |   106 |    77 |   151 |   794 ||  1128
       Rpst.: Scimitar   |       |       |     2 |       ||     2
